 Dungeon Crawl Stone Soup version 0.31-a0-675-g238779eb0a (webtiles) character file.

Game seed: 15325752930143831842

15510 qw the Skirmisher (level 12, 0/77 HPs)
             Began as a Gargoyle Hunter on Sept 5, 2023.
             Was an Elder of Okawaru.
             Slain by a wolf (2 damage)
             ... on level 1 of the Lair of Beasts.
             The game lasted 00:03:53 (9122 turns).

qw the Skirmisher (Gargoyle Hunter)                 Turns: 9122, Time: 00:03:53

Health: 0/77       AC: 15    Str: 15    XL:     12   Next: 27%
Magic:  19/19      EV: 20    Int: 13    God:    Okawaru [****..]
Gold:   652        SH:  0    Dex: 23    Spells: 11/11 levels left

rFire   + . .        r - +2 arbalest of Dullness {drain, rC+ Will+ Int+2 Stlth+}
rCold   + + .        (shield currently unavailable)
rNeg    + . .        b - +0 troll leather armour
rPois   inf          m - +1 helmet
rElec   +            e - scarf {rC+ rF+}
rCorr   .            (no gloves)
SInv    .            (no boots)
Will    ++...        t - amulet of faith
Stlth   ++++         d - ring of willpower
HPRegen 1.12/turn    g - +6 ring of dexterity
MPRegen 0.16/turn

%: faith
@: heroic
A: sickness immunity, AC +8, negative energy resistance 1, electricity
resistance, torment resistance 1, petrification resistance
a: Renounce Religion, Heroism, Finesse


You were on level 1 of the Lair of Beasts.
You worshipped Okawaru.
Okawaru was greatly pleased with you.
You visited 3 branches of the dungeon, and saw 13 of its levels.

You collected 860 gold pieces.
You spent 208 gold pieces at shops.


Innate Abilities, Weirdness & Mutations

You are immune to sickness and miasma.
Your stone body is resilient. (AC +8)
You are immune to poison.
You resist negative energy. (rN+)
You are resistant to electric shocks. (rElec)
You are resistant to unholy torment.
You are immune to petrification.


   Skills:
 - Level 10.0(15.0) Fighting
 - Level 14.0(19.0) Ranged Weapons
 - Level 3.0(8.0) Armour
 + Level 5.6(10.6) Dodging
 - Level 1.1(6.1) Stealth
 + Level 9.5 Invocations


You had 11 spell levels left.
You didn't know any spells.
Your spell library was empty.

Inventory:

Hand Weapons
 r - the +2 arbalest of Dullness (weapon) {drain, rC+ Will+ Int+2 Stlth+}
   (You found it on level 5 of the Dungeon)

   Int+2:     It affects your intelligence (+2).
   rC+:       It protects you from cold.
   Will+:     It increases your willpower.
   Stlth+:    It makes you more stealthy.
Armour
 b - a +0 troll leather armour (worn)
 e - a scarf of resistance (worn)
 m - a +1 helmet (worn)
Jewellery
 d - a ring of willpower (left hand)
 g - a +6 ring of dexterity (right hand)
 o - an amulet of the acrobat
 p - a ring of protection from cold
 t - an amulet of faith (around neck)
Scrolls
 a - a scroll of identify
 i - a scroll of enchant weapon
Potions
 c - 3 potions of curing
 f - 2 potions of cancellation
 h - 2 potions of mutation
 k - a potion of resistance
 l - 2 potions of magic
 n - a potion of might
 s - a potion of enlightenment {unknown}

Dungeon Overview and Level Annotations

Branches:
Dungeon (11/15)            Temple (1/1) D:6            Lair (1/5) D:11
    Orc (0/2) D:10

Altars:
Ashenzari
Cheibriados
Dithmenos
Elyvilon
Fedhas
Gozag
Hepliaklqana
Kikubaaqudgha
Makhleb
Nemelex Xobeh
Okawaru
Qazlal
Ru
Sif Muna
Trog
Uskayaw
Vehumet
Wu Jian
Xom
Yredelemnul
Zin
The Shining One

Shops:
D:3 !   D:7 *

Portals:
Abyss: D:8

Annotations:
D:6 2 transporters, qw's ghost, novice MiHs
D:8 2 transporters, qw's ghost, novice MiHs


Message History

You shoot a bolt. The bolt barely misses the death yak.
The wolf barely misses you. The wolf completely misses you. x2
The wolf barely misses you.
The death yak gores you but does no damage.
You shoot a bolt. The bolt barely misses the death yak.
The wolf misses you. x2; The wolf completely misses you.
The wolf bites you. The wolf bites you but does no damage.
The death yak gores you! The wolf bites you but does no damage.
You shoot a bolt. The bolt hits the death yak!!
You drain the death yak!
The death yak is severely wounded.
The wolf barely misses you. x2; The wolf closely misses you.
The death yak closely misses you. The wolf barely misses you.
The wolf closely misses you.
You shoot a bolt. The bolt hits the death yak!!
You kill the death yak!
Okawaru accepts your kill. The wolf closely misses you.
The wolf completely misses you. x2
The wolf misses you.
You shoot a bolt. The bolt hits the water moccasin!
You kill the water moccasin!
Okawaru accepts your kill. The wolf barely misses you.
The wolf closely misses you. The wolf bites you but does no damage.
The wolf completely misses you. The wolf bites you but does no damage.
The wolf closely misses you. The wolf bites you but does no damage.
You shoot a bolt. The bolt barely misses the wolf.
The wolf closely misses you. The wolf completely misses you.
The wolf bites you but does no damage. The wolf barely misses you.
The wolf bites you but does no damage. The wolf barely misses you.
The wolf bites you. The wolf closely misses you.
You shoot a bolt. The bolt completely misses the wolf.
The wolf completely misses you. The wolf barely misses you. x2
The wolf bites you but does no damage. The wolf barely misses you. x2
You shoot a bolt. The bolt hits the wolf!
The wolf is moderately wounded.
The wolf barely misses you. The wolf bites you. The wolf misses you.
The wolf bites you but does no damage. The wolf closely misses you. x2
You shoot a bolt. The bolt closely misses the wolf.
The wolf barely misses you. The wolf bites you! The wolf bites you. x2
You die...

###......##
#...........
##............
#=.>........^#
............#
.$S.......#
#hh?....$##
#@h.......##
##h......?(##.
###.............
#.$.............
..........<...(...
...................
......../..........
..Y.......).....>..
..............PP...


You could see a water moccasin and 4 wolves.

Vanquished Creatures
  Snorg (D:10)
  4 two-headed ogres
  A death yak (Lair:1)
  Nergalle (D:10)
  Amaemon (D:9)
  A manticore (D:11)
  2 ugly things
  A cyclops (D:11)
  A torpor snail (D:11)
  An orange demon (D:9)
  Maggie (D:10)
  A kobold demonologist (D:10)
  5 trolls
  2 hornets (D:9)
  A shadow (D:11)
  A vampire (D:9)
  4 wyverns
  3 yaks (D:11)
  A steam dragon (D:9)
  2 acid dragons (D:11)
  6 water moccasins
  3 orc warriors
  2 ice beasts
  5 black bears
  2 ogres
  4 sky beasts (D:7)
  2 wolves (D:11)
  3 centaurs
  A phantom (D:5)
  5 kobold brigands
  5 bullfrogs
  2 scorpions
  9 wights
  6 killer bees (D:7)
  A howler monkey (D:4)
  A hound (D:6)
  10 orc priests
  2 iguanas
  2 sleepcaps
  Jessica (D:2)
  12 orc wizards
  7 adders
  4 gnolls (D:7)
  A shadow imp (D:5)
  3 dart slugs
  53 orcs
  3 bats
  6 endoplasms
  8 giant cockroaches
  13 goblins
  3 hobgoblins
  3 jackals (D:1)
  22 kobolds
  A quokka (D:2)
  4 ball pythons
  2 frilled lizards
  3 rats
255 creatures vanquished.

Notes
Turn   | Place    | Note
-------+----------+-------------------------------------------
     0 | D:1      | qw the Gargoyle Hunter began the quest for the Orb.
     0 | D:1      | Reached XP level 1. HP: 12/12 MP: 1/1
     0 | D:1      | 0 ||| qw: Version: 0.3-a-75-g829b12e
     0 | D:1      | 0 ||| qw: Game counter: 174
     0 | D:1      | 0 ||| qw: Melee chars always use a shield: true
     0 | D:1      | 0 ||| qw: God list: Okawaru
     0 | D:1      | 0 ||| qw: Allow faded altars: false
     0 | D:1      | 0 ||| qw: Do Orc after clearing Dungeon:15 true
     0 | D:1      | 0 ||| qw: Do second Lair branch before Depths: true
     0 | D:1      | 0 ||| qw: Lair rune preference: random
     0 | D:1      | 0 ||| qw: Goals: Normal
     0 | D:1      | 0 ||| PLANNING D:1-11
   154 | D:1      | Reached XP level 2. HP: 17/17 MP: 2/2
   455 | D:1      | Found a faded altar of an unknown god.
   506 | D:1      | HP: 4/17 [jackal (2)]
   775 | D:1      | 775 ||| UPGRADING to scarf of resistance.
   780 | D:1      | 780 ||| UPGRADING to +0 ring mail.
   790 | D:1      | 790 ||| DROPPING +0 leather armour.
   791 | D:1      | 791 ||| UPGRADING to ring of willpower.
   792 | D:1      | 792 ||| READING scroll labelled KINEAD JOEBO.
   793 | D:1      | 793 ||| READING scroll labelled KOUGHY SINK.
   794 | D:1      | 794 ||| READING scroll labelled ASESCH DOMEOGESCH.
   795 | D:1      | 795 ||| DROPPING scroll of butterflies.
   796 | D:1      | 796 ||| DROPPING scroll of immolation.
   855 | D:2      | Reached XP level 3. HP: 19/21 MP: 3/3
   964 | D:2      | Noticed Jessica
   970 | D:2      | Reached skill level 1 in Armour
   973 | D:2      | Killed Jessica
   974 | D:2      | Reached skill level 5 in Ranged Weapons
   974 | D:2      | Reached XP level 4. HP: 19/26 MP: 4/4
  1209 | D:2      | Reached skill level 3 in Fighting
  1472 | D:2      | 1472 ||| READING scroll labelled GUZORU QASM.
  1477 | D:2      | 1477 ||| READING scroll labelled MORCHI EXIPNI.
  1561 | D:3      | 1561 ||| READING scroll of enchant weapon.
  1561 | D:3      | 1561 ||| ENCHANTING +1 shortbow.
  1714 | D:3      | Reached XP level 5. HP: 14/32 MP: 5/5
  1857 | D:3      | Found Saurul's Distillery.
  1864 | D:3      | 1864 ||| BUYING potion of cancellation (104 gold).
  1864 | D:3      | Bought a potion of cancellation for 104 gold pieces
  1864 | D:3      | 1864 ||| SHOPLISTING potion of curing (39 gold, have 4).
  1864 | D:3      | 1864 ||| SHOPLISTING potion of heal wounds (65 gold, have
                  | 4).
  1864 | D:3      | 1864 ||| SHOPLISTING potion of might (52 gold, have 4).
  2231 | D:3      | 2231 ||| UPGRADING to amulet of the acrobat.
  2236 | D:3      | 2236 ||| DROPPING amulet of guardian spirit.
  2237 | D:3      | 2237 ||| DRINKING 2 orange potions.
  2238 | D:3      | 2238 ||| READING 5 scrolls of identify.
  2238 | D:3      | 2238 ||| IDENTIFYING red potion
  2239 | D:3      | 2239 ||| READING 4 scrolls of identify.
  2239 | D:3      | 2239 ||| IDENTIFYING clear potion
  2240 | D:3      | 2240 ||| READING 3 scrolls of identify.
  2240 | D:3      | 2240 ||| IDENTIFYING bubbling yellow potion
  2241 | D:3      | 2241 ||| READING 2 scrolls of identify.
  2241 | D:3      | 2241 ||| IDENTIFYING golden potion
  2242 | D:3      | 2242 ||| DROPPING potion of lignification.
  2261 | D:4      | Found a snail-covered altar of Cheibriados.
  2301 | D:4      | Reached skill level 6 in Ranged Weapons
  2363 | D:4      | HP: 6/32 [orc priest/divine providence (14)]
  2364 | D:4      | 2364 ||| READING scroll of teleportation.
  2365 | D:4      | 2365 ||| DRINKING potion of heal wounds.
  2368 | D:4      | Reached XP level 6. HP: 37/37 MP: 6/6
  2403 | D:4      | Noticed a water moccasin
  2422 | D:4      | Killed a water moccasin
  2503 | D:4      | 2503 ||| FLEEEEING.
  2772 | D:4      | Reached skill level 7 in Ranged Weapons
  2772 | D:4      | Reached XP level 7. HP: 44/44 MP: 7/7
  2777 | D:4      | Found a radiant altar of Vehumet.
  2875 | D:4      | 2875 ||| DROPPING scarf of invisibility.
  2898 | D:5      | Entered Level 5 of the Dungeon
  3058 | D:5      | Identified the +2 arbalest of Dullness {drain, rC+ Will+
                  | Int+2 Stlth+}
  3060 | D:5      | 3060 ||| SWAPPING to +2 arbalest of Dullness {drain, rC+
                  | Will+ Int+2 Stlth+}.
  3061 | D:5      | 3061 ||| DROPPING +2 shortbow.
  3077 | D:5      | Found a white marble altar of Elyvilon.
  3155 | D:5      | 3155 ||| Stepping ~*~*~tactically~*~*~ (outnumbered).
  3164 | D:5      | Reached skill level 8 in Ranged Weapons
  3411 | D:5      | 3411 ||| UPGRADING to amulet of faith.
  3421 | D:5      | 3421 ||| READING scroll labelled XAYSMU ZOUL.
  3422 | D:5      | 3422 ||| DRINKING 2 viscous silvery potions.
  3526 | D:5      | 3526 ||| DROPPING potion of berserk rage.
  3749 | D:6      | Reached XP level 8. HP: 49/49 MP: 8/8
  3801 | D:6      | Found a sparkling altar of Nemelex Xobeh.
  3817 | D:6      | Found a bloodstained altar of Trog.
  3833 | D:6      | 3833 ||| FLEEEEING.
  3861 | D:6      | Noticed qw's ghost (novice MiHs)
  3894 | D:6      | Found a transporter.
  3896 | D:6      | Found a transporter.
  3960 | D:6      | Reached skill level 9 in Ranged Weapons
  4014 | D:6      | Found a hide-covered altar of Uskayaw.
  4096 | D:6      | Found a staircase to the Ecumenical Temple.
  4097 | D:6      | 4097 ||| PLANNING TEMPLE
  4097 | D:6      | 4097 ||| READING scroll labelled GIPLORE SODYM.
  4141 | Temple   | Entered the Ecumenical Temple
  4142 | Temple   | 4142 ||| PLANNING OKAWARU WORSHIP
  4148 | Temple   | Became a worshipper of Warmaster Okawaru
  4149 | Temple   | 4149 ||| PLANNING D:1-11
  4484 | D:7      | Reached skill level 6 in Fighting
  4486 | D:7      | 4486 ||| STAIRDANCE
  4496 | D:7      | 4496 ||| STAIRDANCE
  4516 | D:7      | 4516 ||| STAIRDANCE
  4560 | D:7      | 4560 ||| Stepping ~*~*~tactically~*~*~ (outnumbered).
  4561 | D:7      | Reached * piety under Okawaru
  4565 | D:7      | Reached skill level 1 in Invocations
  4568 | D:7      | 4568 ||| FLEEEEING.
  4569 | D:7      | 4569 ||| FLEEEEING.
  4570 | D:7      | 4570 ||| FLEEEEING.
  4571 | D:7      | 4571 ||| FLEEEEING.
  4572 | D:7      | 4572 ||| FLEEEEING.
  4573 | D:7      | 4573 ||| FLEEEEING.
  4574 | D:7      | 4574 ||| FLEEEEING.
  4575 | D:7      | 4575 ||| FLEEEEING.
  4576 | D:7      | 4576 ||| FLEEEEING.
  4577 | D:7      | 4577 ||| FLEEEEING.
  4578 | D:7      | 4578 ||| FLEEEEING.
  4579 | D:7      | 4579 ||| FLEEEEING.
  4580 | D:7      | 4580 ||| STAIRDANCE
  4621 | D:7      | Reached XP level 9. HP: 55/55 MP: 8/10
  4641 | D:7      | Found Ucegolic's Assorted Antiques.
  4650 | D:7      | 4650 ||| BUYING crooked fluorescent wand (104 gold).
  4650 | D:7      | Bought a crooked fluorescent wand for 104 gold pieces
  4650 | D:7      | 4650 ||| SHOPLISTING pearl ring (130 gold, have 84).
  4650 | D:7      | 4650 ||| SHOPLISTING runed helmet (195 gold, have 84).
  4701 | D:7      | Reached skill level 10 in Ranged Weapons
  4764 | D:7      | 4764 ||| Stepping ~*~*~tactically~*~*~ (retreating).
  4766 | D:7      | 4766 ||| Stepping ~*~*~tactically~*~*~ (retreating).
  4767 | D:7      | 4767 ||| Stepping ~*~*~tactically~*~*~ (retreating).
  4777 | D:7      | Reached skill level 3 in Invocations
  4780 | D:7      | 4780 ||| INVOKING Heroism.
  4878 | D:7      | 4878 ||| Stepping ~*~*~tactically~*~*~ (outnumbered).
  4880 | D:7      | 4880 ||| Stepping ~*~*~tactically~*~*~ (outnumbered).
  4881 | D:7      | 4881 ||| INVOKING Heroism.
  4925 | D:7      | 4925 ||| INVOKING Heroism.
  5089 | D:7      | 5089 ||| INVOKING Heroism.
  5207 | D:7      | Found a burning altar of Makhleb.
  5209 | D:7      | Found an ornate altar of the Wu Jian Council.
  5212 | D:7      | Found a hazy altar of Hepliaklqana.
  5213 | D:7      | Found a sacrificial altar of Ru.
  5445 | D:7      | 5445 ||| READING scroll labelled COLLEAFYLE.
  5446 | D:7      | 5446 ||| DRINKING 2 smoky silvery potions.
  5447 | D:7      | 5447 ||| DROPPING potion of brilliance.
  5448 | D:7      | 5448 ||| DROPPING wand of polymorph (2).
  5465 | D:8      | 5465 ||| INVOKING Heroism.
  5470 | D:8      | Reached skill level 11 in Ranged Weapons
  5551 | D:8      | Found a transporter.
  5552 | D:8      | Found a one-way gate to the infinite horrors of the Abyss.
  5552 | D:8      | Noticed qw's ghost (novice MiHs)
  5553 | D:8      | Found a transporter.
  5585 | D:8      | Noticed a hellwing
  5604 | D:8      | Reached skill level 3 in Dodging
  5805 | D:8      | 5805 ||| INVOKING Heroism.
  6479 | D:8      | 6479 ||| READING 3 scrolls of identify.
  6479 | D:8      | 6479 ||| IDENTIFYING fizzy sapphire potion
  6480 | D:8      | 6480 ||| READING 2 scrolls of identify.
  6480 | D:8      | 6480 ||| IDENTIFYING brown potion
  6481 | D:8      | 6481 ||| DROPPING potion of degeneration.
  6576 | D:9      | Reached ** piety under Okawaru
  6581 | D:9      | Reached XP level 10. HP: 64/64 MP: 13/13
  6618 | D:9      | 6618 ||| INVOKING Heroism.
  6729 | D:9      | 6729 ||| INVOKING Heroism.
  6732 | D:9      | Reached skill level 12 in Ranged Weapons
  6764 | D:9      | Reached skill level 3 in Armour
  6983 | D:9      | Noticed an orange demon
  6988 | D:9      | Killed an orange demon
  6988 | D:9      | Reached *** piety under Okawaru
  6992 | D:9      | Noticed a white ugly thing
  7017 | D:9      | Noticed Amaemon
  7018 | D:9      | 7018 ||| INVOKING Heroism.
  7019 | D:9      | 7019 ||| RETREATING.
  7021 | D:9      | 7021 ||| Stepping ~*~*~tactically~*~*~ (retreating).
  7022 | D:9      | 7022 ||| Stepping ~*~*~tactically~*~*~ (retreating).
  7023 | D:9      | 7023 ||| Stepping ~*~*~tactically~*~*~ (retreating).
  7024 | D:9      | 7024 ||| Stepping ~*~*~tactically~*~*~ (retreating).
  7025 | D:9      | 7025 ||| Stepping ~*~*~tactically~*~*~ (retreating).
  7026 | D:9      | 7026 ||| Stepping ~*~*~tactically~*~*~ (retreating).
  7041 | D:9      | 7041 ||| INVOKING Heroism.
  7044 | D:9      | Killed Amaemon
  7111 | D:9      | Killed a white ugly thing
  7112 | D:9      | Reached skill level 13 in Ranged Weapons
  7180 | D:9      | Found a shimmering blue altar of Sif Muna.
  7373 | D:9      | 7373 ||| UPGRADING to +0 troll leather armour.
  7383 | D:9      | 7383 ||| DROPPING +0 ring mail.
  7384 | D:9      | 7384 ||| DROPPING +1 ring mail of willpower.
  7385 | D:9      | 7385 ||| READING 3 scrolls of identify.
  7385 | D:9      | 7385 ||| IDENTIFYING smoky blue potion
  7386 | D:9      | 7386 ||| READING 2 scrolls of identify.
  7386 | D:9      | 7386 ||| IDENTIFYING lumpy green potion
  7387 | D:9      | 7387 ||| DROPPING potion of attraction.
  7404 | D:10     | Entered Level 10 of the Dungeon
  7448 | D:10     | Noticed a kobold demonologist
  7449 | D:10     | 7449 ||| RETREATING.
  7450 | D:10     | 7450 ||| Stepping ~*~*~tactically~*~*~ (outnumbered).
  7451 | D:10     | Noticed a rust devil
  7453 | D:10     | 7453 ||| Stepping ~*~*~tactically~*~*~ (outnumbered).
  7456 | D:10     | Noticed Maggie
  7457 | D:10     | 7457 ||| Stepping ~*~*~tactically~*~*~ (outnumbered).
  7461 | D:10     | 7461 ||| Stepping ~*~*~tactically~*~*~ (retreating).
  7462 | D:10     | 7462 ||| Stepping ~*~*~tactically~*~*~ (retreating).
  7463 | D:10     | 7463 ||| Stepping ~*~*~tactically~*~*~ (retreating).
  7465 | D:10     | 7465 ||| Stepping ~*~*~tactically~*~*~ (retreating).
  7467 | D:10     | 7467 ||| DRINKING 2 potions of cancellation.
  7470 | D:10     | 7470 ||| INVOKING Heroism.
  7481 | D:10     | Noticed Snorg
  7496 | D:10     | Killed Maggie
  7496 | D:10     | Reached **** piety under Okawaru
  7500 | D:10     | 7500 ||| INVOKING Heroism.
  7508 | D:10     | HP: 10/64 [Snorg (8)]
  7509 | D:10     | 7509 ||| READING scroll of teleportation.
  7509 | D:10     | HP: 4/64 [Snorg (6)]
  7510 | D:10     | 7510 ||| DRINKING 2 potions of heal wounds.
  7512 | D:10     | 7512 ||| DRINKING potion of heal wounds.
  7513 | D:10     | Killed a kobold demonologist
  7514 | D:10     | Reached XP level 11. HP: 37/69 MP: 12/14
  7539 | D:10     | Noticed Nergalle
  7540 | D:10     | 7540 ||| INVOKING Heroism.
  7550 | D:10     | Killed Nergalle
  7551 | D:10     | Reached skill level 9 in Fighting
  7634 | D:10     | Noticed a two-headed ogre
  7635 | D:10     | 7635 ||| INVOKING Heroism.
  7638 | D:10     | Killed a two-headed ogre
  7676 | D:10     | 7676 ||| INVOKING Heroism.
  7713 | D:10     | Found a staircase to the Orcish Mines.
  7911 | D:10     | 7911 ||| INVOKING Heroism.
  7922 | D:10     | Killed Snorg
  7923 | D:10     | Reached skill level 6 in Invocations
  8193 | D:10     | 8193 ||| UPGRADING to +6 ring of dexterity.
  8215 | D:11     | Found a staircase to the Lair.
  8216 | D:11     | 8216 ||| RETREATING.
  8256 | D:11     | 8256 ||| RETREATING.
  8258 | D:11     | 8258 ||| RETREATING.
  8259 | D:11     | 8259 ||| Stepping ~*~*~tactically~*~*~ (retreating).
  8260 | D:11     | 8260 ||| Stepping ~*~*~tactically~*~*~ (retreating).
  8261 | D:11     | 8261 ||| Stepping ~*~*~tactically~*~*~ (retreating).
  8265 | D:11     | 8265 ||| INVOKING Heroism.
  8290 | D:11     | Reached ***** piety under Okawaru
  8393 | D:11     | 8393 ||| INVOKING Heroism.
  8434 | D:11     | Noticed a cyclops
  8435 | D:11     | 8435 ||| INVOKING Heroism.
  8437 | D:11     | Killed a cyclops
  8437 | D:11     | Noticed a cyan ugly thing
  8442 | D:11     | Killed a cyan ugly thing
  8454 | D:11     | Noticed a two-headed ogre
  8455 | D:11     | 8455 ||| INVOKING Heroism.
  8457 | D:11     | Killed a two-headed ogre
  8458 | D:11     | Reached skill level 14 in Ranged Weapons
  8484 | D:11     | Noticed a two-headed ogre
  8489 | D:11     | Killed a two-headed ogre
  8526 | D:11     | Noticed a manticore
  8527 | D:11     | 8527 ||| INVOKING Heroism.
  8590 | D:11     | Noticed a two-headed ogre
  8591 | D:11     | 8591 ||| INVOKING Heroism.
  8595 | D:11     | Killed a two-headed ogre
  8595 | D:11     | Identified the +4 chain mail of True Grit {Rampage *Corrode
                  | Regen+ Str+7} (Okawaru gifted it to you on level 11 of the
                  | Dungeon)
  8595 | D:11     | Received a gift from Okawaru
  8596 | D:11     | Reached XP level 12. HP: 77/77 MP: 15/18
  8967 | D:11     | 8967 ||| PLANNING LAIR
  8967 | D:11     | 8967 ||| UPGRADING to +0 helmet.
  8972 | D:11     | 8972 ||| READING scroll of enchant armour.
  8972 | D:11     | 8972 ||| ENCHANTING +0 helmet.
  9001 | D:11     | 9001 ||| INVOKING Heroism.
  9006 | D:11     | Reached skill level 9 in Invocations
  9026 | Lair:1   | Entered Level 1 of the Lair of Beasts
  9028 | Lair:1   | 9028 ||| STAIRDANCE
  9038 | D:11     | 9038 ||| INVOKING Heroism.
  9075 | Lair:1   | 9075 ||| STAIRDANCE
  9077 | D:11     | 9077 ||| INVOKING Heroism.
  9097 | Lair:1   | 9097 ||| RETREATING.
  9098 | Lair:1   | 9098 ||| Stepping ~*~*~tactically~*~*~ (retreating).
  9099 | Lair:1   | 9099 ||| Stepping ~*~*~tactically~*~*~ (retreating).
  9099 | Lair:1   | Noticed a death yak
  9100 | Lair:1   | 9100 ||| Stepping ~*~*~tactically~*~*~ (retreating).
  9101 | Lair:1   | 9101 ||| Stepping ~*~*~tactically~*~*~ (retreating).
  9115 | Lair:1   | HP: 13/77 [death yak[a torpor snail] (13)]
  9117 | Lair:1   | Killed a death yak
  9121 | Lair:1   | HP: 15/77 [wolf (1)]
  9122 | Lair:1   | HP: 2/77 [wolf (6)]
  9122 | Lair:1   | Slain by a wolf

Levels and vault maps discovered:
D:1:      dpeg_arrival_water_fire, layout_basic,
          hellmonk_ecumenical_altar_blasted, nicolae_titane
D:2:      layout_loops_ring, grunt_decor_fettered, uniq_jessica
D:3:      layout_basic, serial_shops, nicolae_shop_hallway_plus,
          kennysheep_small_spiral, kennysheep_generic_room_2
D:4:      layout_rooms, vehumet_crystals, cheibriados_altar_1
D:5:      layout_rooms, mainiacjoe_overflow_catwalk, serial_park_tiny_pond,
          kennysheep_nondescript, minmay_ogre_servants
D:6:      layout_loops_ring, nemelex_spade_bored_becter, trog_ov_bears_minmay,
          nicolae_uskayaw_dance_hall, minmay_temple_entry_proselytizer,
          gammafunk_ghost_arena
D:7:      layout_loops_ring, mainiacjoe_overflow_alcove_3, serial_shops, shop,
          grunt_ministairs_3
D:8:      layout_basic, gammafunk_ghost_abyssal_escape,
          chequers_serial_rivers_room_b
D:9:      layout_cave_pools, lemuel_round_altar, minivault_22, grunt_tough_drop,
          uniq_amaemon
D:10:     layout_loops_ring, hiddenorc1_lemuel, uniq_snorg, uniq_nergalle,
          uniq_maggie
D:11:     layout_roguey, minmay_lair_entry_grove
Temple:   nicolae_temple_bog_church
Lair:1:   layout_layer_cave

Skill      XL: |  1  2  3  4  5  6  7  8  9 10 11 12 |
---------------+-------------------------------------+-----
Armour         | 1 2 3 |  3.0
Ranged Weapons | 5 6 7 8 9 11 13 14 | 14.0
Fighting       | 3 4 5 6 8 9 10 | 10.0
Dodging        | 2 3 4 5 |  5.6
Invocations    | 1 4 8 9 |  9.5
Stealth        | |  1.1

Action                     |  1- 3 |  4- 6 |  7- 9 | 10-12 || total
---------------------------+-------+-------+-------+-------++-------
   Fire: Shortbow          |    83 |   145 |    33 |       ||   261
         Arbalest          |       |       |   216 |   324 ||   540
 Invoke: Heroism           |       |       |     6 |    19 ||    25
    Use: Scroll            |     3 |     8 |     5 |     4 ||    20
         Potion            |       |     2 |     2 |     3 ||     7
 Armour: Leather armour    |    12 |       |       |       ||    12
         Ring mail         |    10 |    56 |   130 |    49 ||   245
         Troll leather arm |       |       |       |   169 ||   169
  Dodge: Dodged            |    29 |    44 |    86 |   246 ||   405

Table legend:
 A = Non-vault XP
 B = Vault XP
 C = Vault XP percentage of total XP
 D = Non-vault monster count
 E = Vault monster count
 F = Vault count percentage of total count
                 A         B        C        D         E       F
            +---------+---------+-------+---------+---------+-------
      Total |   15247 |    6911 |  31.2 |     201 |      54 |  21.2
            +---------+---------+-------+---------+---------+-------
        D:1 |      33 |       0 |   0.0 |      18 |       0 |   0.0
        D:2 |      64 |      37 |  36.6 |      20 |       1 |   4.8
        D:3 |      63 |       0 |   0.0 |       8 |       0 |   0.0
        D:4 |     464 |       0 |   0.0 |      20 |       0 |   0.0
        D:5 |     206 |     136 |  39.8 |      11 |       9 |  45.0
        D:6 |     669 |     296 |  30.7 |      12 |       3 |  20.0
        D:7 |    1608 |     246 |  13.3 |      33 |       2 |   5.7
        D:8 |     564 |       0 |   0.0 |      25 |       0 |   0.0
        D:9 |    1776 |    2036 |  53.4 |      16 |       6 |  27.3
       D:10 |    2186 |    2339 |  51.7 |      15 |      20 |  57.1
       D:11 |    6573 |    1821 |  21.7 |      20 |      13 |  39.4
     Lair:1 |    1041 |       0 |   0.0 |       3 |       0 |   0.0
            +---------+---------+-------+---------+---------+-------
